AoeStats
← El Oscuro

Oasis

508902578Analyzed
2v2 RM · 7d ago on Sep 24, 2026· 42m 7s· 4 players
Game mode
Random Map
Map size
Medium (4 player)
Population
200
Speed
Normal
Resources
Standard
Victory
Conquest
Starting age
Dark Age
Ending age
Imperial Age
RankedLock teamsTeams togetherTeam positionsShared explorationLock speedFull tech treeHidden civsTurbo modeCheats
Victory
Defeat
🇵🇪 Magyars · Peru
944
+13
🇹🇼 Bohemians · Taiwan
887
+16
🇦🇷 Mapuche · Argentina
886
-15
🇦🇷 Hindustanis · Argentina
876
-14
El Oscuro
7:28 Loom
7:35 Loom
9:52 Feudal Age
16:54 Castle Age
16:49 Horse Collar
22:23 Double-Bit Axe
23:03 Fletching
26:02 Heavy Plow
26:27 Bow Saw
27:48 Forging
28:33 Champi Runner
32:22 Iron Casting
36:03 Imperial Age
34:54 Wheelbarrow
37:28 Murder Holes
37:56 Ballistics
39:52 Masonry
narutoelcapo
10:24 Feudal Age
11:04 Double-Bit Axe
11:29 Loom
13:16 Horse Collar
20:01 Castle Age
18:13 Stone Mining
21:31 Wheelbarrow
21:36 Stone Shaft Mining
21:18 Heavy Plow
21:30 Bow Saw
21:56 Scale Barding Armor
31:10 Hand Cart
38:39 Imperial Age
Vane
10:49 Feudal Age
9:05 Loom
11:18 Double-Bit Axe
21:18 Castle Age
19:42 Gold Mining
21:12 Bloodlines
20:48 Horse Collar
21:37 Scale Barding Armor
21:35 Light Cavalry
23:54 Wheelbarrow
24:01 Scale Mail Armor
26:12 Chain Mail Armor
26:14 Stone Mining
29:35 Bow Saw
30:27 Murder Holes
34:08 Imperial Age
32:18 Gold Shaft Mining
31:39 Fletching
32:35 Hand Cart
32:41 Bodkin Arrow
32:58 Heavy Plow
36:21 Two-Man Saw
36:25 Chemistry
37:03 Bracer
38:20 Padded Archer Armor
40:06 Chain Barding Armor
42:08 Thumb Ring
41:24 Crossbowman
iantsai1114
10:26 Feudal Age
10:53 Loom
11:27 Double-Bit Axe
13:43 Fletching
15:29 Horse Collar
21:53 Castle Age
21:50 Town Watch
27:37 Wheelbarrow
27:31 Fervor
27:43 Sanctity
28:14 Bow Saw
32:27 Pikeman
37:02 Imperial Age
34:53 Squires
35:36 Heavy Plow
37:32 Bodkin Arrow
37:49 Forging
37:45 Scale Barding Armor
37:44 Husbandry
38:09 Conscription
38:56 Chemistry
38:16 Ballistics
39:30 Hand Cart
40:24 Halberdier
42:45 Iron Casting
42:11 Scale Mail Armor
Connection lost

Rejoining the realm…

Still unreachable

The connection could not be restored.

Session expired

The server has moved on; the page needs a fresh start.